 Dungeon Crawl Stone Soup version 0.26-a0-146-g24f6d3962c (webtiles) character file.

Game seed: 18159245790515676620

2 Flugslaktarn the Magician (level 1, -2/11 HPs)
             Began as an Octopode Wizard on June 29, 2020.
             Slain by an ooze (5 damage)
             ... on level 2 of the Dungeon.
             The game lasted 00:00:30 (99 turns).

Flugslaktarn the Magician (Octopode Wizard)           Turns: 99, Time: 00:00:30

Health: -2/11      AC:  1    Str:  6    XL:     1   Next: 30%
Magic:  4/4        EV: 13    Int: 20    God:
Gold:   0          SH:  0    Dex: 10    Spells: 5/6 levels left

rFire    . . .     SeeInvis .   b - +0 rapier
rCold    . . .     Faith    .   (no shield)
rNeg     . . .     Spirit   .   a - +0 hat
rPois    .         Reflect  .   (no amulet)
rElec    .         Harm     .   (no ring)
rCorr    .                      (no ring)
MR       .....                  (no ring)
Stlth    +++.......             (no ring)
HPRegen  0.03/turn              (no ring)
MPRegen  0.09/turn              (no ring)
                                (no ring)
                                (no ring)

@: no status effects
A: almost no armour, stealthy swim, amphibious, 8 rings, constrict 8, camouflage
1, gelatinous body 1
a: no special abilities


You were on level 2 of the Dungeon.
You were not hungry.

You visited 1 branch of the dungeon, and saw 2 of its levels.

Inventory:

Hand Weapons
 b - a +0 rapier (weapon)
   (You found it on level 2 of the Dungeon)
Armour
 a - a +0 hat (worn)
Comestibles
 c - 2 rations


   Skills:
 - Level 2.0 Dodging
 + Level 3.0 Stealth
 - Level 3.0 Spellcasting
 - Level 1.0 Conjurations
   Level 1.0 Summonings
   Level 1.0 Translocations


You had 5 spell levels left.
You knew the following spells:

 Your Spells              Type           Power        Failure   Level  Hunger
a - Magic Dart            Conj           #...         10%         1    None

Your spell library contained the following spells:

 Spells                   Type           Power        Failure   Level  Hunger
 Blink                    Tloc           N/A          14%         2    ##.....
 Call Imp                 Summ           #.......     14%         2    ##.....
 Slow                     Hex            #.......     22%         2    ##.....
 Conjure Flame            Conj/Fire      #.......     34%         3    ###....
 Mephitic Cloud           Conj/Pois/Air  #.......     36%         3    ###....


Dungeon Overview and Level Annotations

Branches:
Dungeon (2/15)

Altars:


Innate Abilities, Weirdness & Mutations

You cannot wear most types of armour.
You are very stealthy in the water. (Stealth+)
You are amphibious.
You can wear up to eight rings at the same time.
You can use your tentacles to constrict eight enemies at once.
Your skin changes colour to match your surroundings (Stealth+).
Your rubbery body absorbs attacks. (AC +1, EV +1)


Message History

The bat is moderately wounded.
The bat hits you.
You closely miss the bat. Your grab misses the bat.
The bat is moderately wounded.
The bat hits you. The bat barely misses you.
The bat hits you but does no damage. The bat barely misses you.
Casting: Magic Dart (safe; 10% risk of failure)
Confirm with . or Enter, or press ? or * to list all spells.
Aiming: Magic Dart (safe; 10% risk of failure)
Press: ? - help, Shift-Dir - straight line, f - bat
Aim: a bat (moderately wounded)
The magic dart hits the bat.
You kill the bat!
HP restored.
Found a rapier.
A quokka comes into view.
The helpless quokka fails to defend itself.
You tentacle-slap the quokka. Your grab misses the quokka.
The quokka is moderately wounded.
The quokka bites you.
You tentacle-slap the quokka. Your grab misses the quokka.
The quokka is heavily wounded.
The quokka bites you but does no damage.
Casting: Magic Dart (safe; 10% risk of failure)
Confirm with . or Enter, or press ? or * to list all spells.
Aiming: Magic Dart (safe; 10% risk of failure)
Press: ? - help, Shift-Dir - straight line, f - quokka
Aim: a quokka (heavily wounded)
The magic dart hits the quokka.
You kill the quokka!
Your Stealth skill increases to level 3!
You see here a rapier.
b - a rapier
b - a +0 rapier (weapon)
You open the door.
There is an open door here.
An ooze comes into view.
The helpless ooze fails to defend itself.
You hit the ooze.
The ooze is moderately wounded.
The ooze misses you.
Unknown command.
You hit the ooze.
The ooze is severely wounded.
The ooze hits you.
* * * LOW HITPOINT WARNING * * *
You hit the ooze.
The ooze is almost dead.
The ooze misses you. The ooze hits you.
You die...

#.# #. ### #.# ## #.#
#.#
#######'############.#
#....................#
#.#.###.........########
#...............#
#####.#.#.#####.†..#
#.#...@J# ####.# ###
#.#...#.# .. #..
#.###.#.# ## #.# #.
..#.# #.# #. .###.# ###
#... .. ## .. .#


You could see an ooze.

Vanquished Creatures
  A quokka (D:2)
  A bat (D:2)
2 creatures vanquished.

Notes
Turn   | Place    | Note
-------+----------+-------------------------------------------
     0 | D:1      | Flugslaktarn the Octopode Wizard began the quest for the
                  | Orb.
     0 | D:1      | Reached XP level 1. HP: 11/11 MP: 4/4
    99 | D:2      | Slain by an ooze

Illustrated notes

Levels and vault maps discovered:
D:1:      evilmike_arrival_hilbert_curve, layout_rooms
D:2:      layout_basic, okawaru_gym_becter, chequers_ecumenical_altar_simple,
          evilmike_ruin_ashenzari

Skill      XL: |  1 |
---------------+----+-----
Stealth        | 3 |  3.0
Dodging        | |  2.0
Spellcasting   | |  3.0
Conjurations   | |  1.0
Summonings     | |  1.0
Translocations | |  1.0

Action                   || total
-------------------------++-------
Melee: Unarmed           ||     6
       Rapier            ||     3
 Cast: Magic Dart        ||     2
 Stab: Sleeping          ||     2
Armor: Skin              ||     3
Dodge: Dodged            ||     8

Table legend:
 A = Non-vault XP
 B = Vault XP
 C = Vault XP percentage of total XP
 D = Non-vault monster count
 E = Vault monster count
 F = Vault count percentage of total count
                 A         B        C        D         E       F
            +---------+---------+-------+---------+---------+-------
      Total |       3 |       0 |   0.0 |       2 |       0 |   0.0
            +---------+---------+-------+---------+---------+-------
        D:2 |       3 |       0 |   0.0 |       2 |       0 |   0.0
            +---------+---------+-------+---------+---------+-------
